 Dungeon Crawl Stone Soup version 0.20.0-8-g6b59dc7 (webtiles) character file.

154 Chiseanne the Skirmisher (level 5, -3/48 HPs)
             Began as a Demonspawn Wanderer on May 30, 2017.
             Slain by a gnoll
             ... wielding a +0 halberd
              (7 damage)
             ... on level 3 of the Dungeon.
             The game lasted 00:03:53 (1837 turns).

Chiseanne the Skirmisher (Demonspawn Wanderer)      Turns: 1837, Time: 00:03:53

Health: -3/48      AC:  6    Str: 14    XL:     5   Next: 13%
Magic:  5/5        EV: 15    Int: 10    God:
Gold:   89         SH:  0    Dex: 20    Spells: 4/4 levels left

rFire    . . .     SeeInvis +   a - +3 quarterstaff
rCold    . . .     Gourm    .   (shield currently unavailable)
rNeg     . . .     Faith    .   i - +0 scale mail
rPois    +         Spirit   .   (no helmet)
rElec    .         Reflect  .   (no cloak)
rCorr    .         Harm     .   (no gloves)
MR       +....                  (no boots)
Stlth    +.........             l - amulet of regeneration
Regen    0.6/turn               c - ring of see invisible
MPRegen  0.1/turn               k - ring of protection from magic

@: agile
A: agile 1, dopey 1, poison resistance, robust 1, rot immunity
a: no special abilities


You were on level 3 of the Dungeon.
You were not hungry.

You visited 1 branch of the dungeon, and saw 3 of its levels.

You collected 89 gold pieces.

Inventory:

Hand Weapons
 a - a +3 quarterstaff (weapon)
 w - a +0 hand crossbow
Missiles
 b - 61 stones
 d - 77 bolts
 j - a throwing net (quivered)
Armour
 i - a +0 scale mail (worn)
 s - a +0 buckler
Jewellery
 c - a ring of see invisible (left hand)
 k - a ring of protection from magic (right hand)
 l - an amulet of regeneration (around neck)
 m - an uncursed ring of protection from fire {unknown}
Comestibles
 f - 2 bread rations
 g - a fruit


   Skills:
 * Level 5.0 Fighting
 - Level 1.0 Staves
 - Level 1.7 Crossbows
 - Level 1.0 Throwing
 * Level 2.6 Armour
 * Level 2.2 Dodging
 - Level 1.0 Shields


You had 4 spell levels left.
You didn't know any spells.

Dungeon Overview and Level Annotations

Branches:
Dungeon (3/15)

Altars:
Cheibriados
Elyvilon
Yredelemnul

Annotations:
D:3 Chiseanne's ghost, weakling DsWn; Robin


Innate Abilities, Weirdness & Mutations

You are immune to rotting.
You are agile. (Dex +2)
You are dopey. (Int -2)
Your system is resistant to poisons. (rPois)
You are robust. (+10% HP)


Message History

Unknown command.
You aren't carrying any spellbooks or scrolls.
Unknown command.
You closely miss the goblin. Chiseanne's ghost hits you.
* * * LOW HITPOINT WARNING * * *
The goblin misses you. The goblin hits you but does no damage.
The goblin closely misses you. Chiseanne's ghost closely misses you.
The gnoll hits you with a halberd.
* * * LOW HITPOINT WARNING * * *
You closely miss the goblin. The goblin hits you but does no damage.
The goblin misses you. The goblin hits you.
* * * LOW HITPOINT WARNING * * *
Chiseanne's ghost barely misses you. The goblin closely misses you.
The gnoll hits you with a halberd.
* * * LOW HITPOINT WARNING * * *
You sock the goblin!
You kill the goblin!
The goblin barely misses you. The goblin misses you.
Chiseanne's ghost barely misses you. The gnoll hits you with a halberd!
You die...

###.##†.#
#..##..#
#.###..# #.#
#..# ###.#
#..# #
#.#.###.#.
#.#..gg###.#
#...gggg...#
###.gW@###.#
......gg##
###.#hgg#
##.hhg#
.....g#
###...$.
#....#
#.#..#


You could see Robin, Chiseanne's ghost, a gnoll, 3 jackals, 6 hobgoblins and 5
goblins.

Vanquished Creatures
  5 adders
  3 gnolls (D:3)
  An ooze (D:1)
  2 worms (D:2)
  3 dart slugs (D:2)
  7 leopard geckos
  A ball python (D:2)
  6 bats
  2 giant cockroaches (D:1)
  3 goblins
  6 hobgoblins
  7 jackals
  3 kobolds
  4 frilled lizards
  6 rats
59 creatures vanquished.

Notes
Turn   | Place    | Note
-------+----------+-------------------------------------------
     0 | D:1      | Chiseanne the Demonspawn Wanderer began the quest for the Orb.
     0 | D:1      | Chiseanne set off with: a +2 quarterstaff, a +0 ring mail, a +0 hand crossbow, 28 bolts, a bread ration
     0 | D:1      | Reached XP level 1. HP: 19/19 MP: 1/1
   270 | D:1      | Reached skill level 1 in Dodging
   270 | D:1      | Gained mutation: You are immune to rotting. [demonic ancestry]
   270 | D:1      | Reached XP level 2. HP: 21/25 MP: 2/2
   740 | D:1      | Reached XP level 3. HP: 30/30 MP: 3/3
  1150 | D:2      | Reached XP level 4. HP: 33/38 MP: 4/4
  1175 | D:2      | Found a white marble altar of Elyvilon.
  1285 | D:2      | Found a snail-covered altar of Cheibriados.
  1677 | D:2      | Found a basalt altar of Yredelemnul.
  1776 | D:3      | Gained mutation: You are dopey. (Int -2) [potion of mutation]
  1776 | D:3      | Gained mutation: You are robust. (+10% HP) [potion of mutation]
  1776 | D:3      | Gained mutation: You are agile. (Dex +2) [potion of mutation]
  1776 | D:3      | Gained mutation: Your system is resistant to poisons. (rPois) [potion of mutation]
  1818 | D:3      | Reached XP level 5. HP: 39/47 MP: 5/5
  1821 | D:3      | Noticed Chiseanne's ghost (weakling DsWn)
  1823 | D:3      | Reached skill level 5 in Fighting
  1824 | D:3      | Noticed Robin
  1837 | D:3      | Slain by a gnoll

Skill      XL: |  1  2  3  4  5 |
---------------+----------------+-----
Dodging        | 1 2 |  2.2
Armour         | 2 |  2.6
Fighting       | 5 |  5.0
Staves         | |  1.0
Crossbows      | |  1.7
Throwing       | |  1.0
Shields        | |  1.0

Action                   |  1- 3 |  4- 6 || total
-------------------------+-------+-------++-------
Melee: Quarterstaff      |    78 |    76 ||   154
  Use: Scroll            |       |     5 ||     5
       Potion            |       |     5 ||     5
  Eat: Chunk             |     1 |     2 ||     3
Armor: Ring mail         |     9 |       ||     9
       Scale mail        |    46 |    36 ||    82
Dodge: Dodged            |    56 |    68 ||   124
